 Dungeon Crawl Stone Soup version 0.30.0 (webtiles) character file.

Game seed: 16402916991054146085

1197 apoch the Cleaver (level 8, -3/73 HPs)
             Began as a Minotaur Fighter on May 5, 2023.
             Was an Initiate of Qazlal.
             Slain by an orc warrior
             ... wielding a +0 glaive
              (10 damage)
             ... on level 6 of the Dungeon.
             The game lasted 00:08:34 (4578 turns).

apoch the Cleaver (Minotaur Fighter)                Turns: 4578, Time: 00:08:34

Health: -3/73      AC:  6    Str: 21    XL:     8   Next: 20%
Magic:  8/8        EV:  9    Int:  5    God:    Qazlal [......]
Gold:   728        SH:  5    Dex: 12    Spells: 7/7 levels left

rFire   + . .        a - +1 war axe (freeze)
rCold   + . .        c - +1 buckler
rNeg    . . .        b - +0 scale mail
rPois   .            l - +0 hat of the Nine Wonders {rC+ Regen+}
rElec   .            (no cloak)
rCorr   .            (no gloves)
SInv    .            (no boots)
Will    +....        (no amulet) Stlth
                     g - ring of protection from fire
HPRegen 1.12/turn    k - ring of willpower
MPRegen 0.11/turn

%: no passive effects
@: no status effects
A: horns 2, retaliatory headbutt
a: Renounce Religion


You were on level 6 of the Dungeon.
You worshipped Qazlal.
Qazlal was noncommittal.
You visited 2 branches of the dungeon, and saw 7 of its levels.

You collected 1344 gold pieces.
You spent 616 gold pieces at shops.

Inventory:

Hand Weapons
 a - a +1 war axe of freezing (weapon)
 m - a +0 morningstar
 n - a +0 flail
 y - a +1 whip of freezing
Missiles
 u - a boomerang (quivered)
 x - 11 stones
Armour
 b - a +0 scale mail (worn)
 c - a +1 buckler (worn)
 l - the +0 hat of the Nine Wonders (worn) {rC+ Regen+}
   (You acquired it on level 1 of the Dungeon)

   rC:        It protects you from cold.
   Regen:     It increases your rate of health regeneration.
Jewellery
 g - a ring of protection from fire (left hand)
 j - a ring of positive energy
 k - a ring of willpower (right hand)
 A - a ring of protection from fire
Scrolls
 e - a scroll of noise {unknown}
 o - a scroll of vulnerability
 r - a scroll of brand weapon
 w - a scroll of fog
 C - a scroll of magic mapping {unknown}
 D - a scroll of teleportation {unknown}
Potions
 d - 2 potions of might
 f - a potion of lignification
 i - 2 potions of brilliance
 p - a potion of berserk rage
 q - 3 potions of curing
 s - 2 potions of haste
 t - a potion of resistance {unknown}
 v - a potion of invisibility {unknown}
 z - 2 potions of ambrosia {unknown}
 B - a potion of attraction {unknown}


   Skills:
 * Level 7.0 Fighting
 - Level 10.0 Axes
 - Level 3.6 Armour
 - Level 3.6 Shields
 + Level 2.1 Invocations


You had 7 spell levels left.
You didn't know any spells.
Your spell library contained the following spells:

 Spells                   Type           Power      Damage    Failure   Level
 Sandblast                Erth           0%         2d4       87%         1
 Shock                    Conj/Air       0%         1d3       87%         1
 Passwall                 Tmut/Erth      0%         N/A       95%         2
 Stone Arrow              Conj/Erth      0%         3d7       99%         3
 Swiftness                Air            0%         N/A       99%         3
 Airstrike                Air            0%         2d(0-16)  100%        4


Dungeon Overview and Level Annotations

Branches:
Dungeon (6/15)             Temple (1/1) D:4

Altars:
Ashenzari
Cheibriados
Dithmenos
Fedhas
Gozag
Makhleb
Okawaru
Qazlal
Ru
Sif Muna
Trog
Uskayaw
Vehumet
Yredelemnul

Shops:
D:1 ?:!

Annotations:
D:6 2 runed translucent doors


Innate Abilities, Weirdness & Mutations

You have a pair of horns on your head.
You reflexively headbutt those who attack you in melee.


Message History

The orc warrior hits you from afar with a +0 glaive!
You throw a boomerang.
The boomerang barely misses the orc warrior.
The orc warrior hits you from afar with a +0 glaive!!
You are too injured to fight recklessly!
You are too injured to fight recklessly!
You are too injured to fight recklessly!
Items here: )) †††.
The orc priest closely misses you. The orc warrior closely misses you.
You furiously retaliate!
You headbutt the orc warrior!
The orc warrior attacks as you move away!
You block the orc warrior's attack.
The orc priest hits you with a +1 mace of holy wrath.
The orc warrior hits you from afar with a +0 glaive.
You slash the orc priest! You freeze the orc priest.
You kill the orc priest!
Qazlal accepts your kill.
The orc warrior hits you from afar with a +0 glaive!!
* * * LOW HITPOINT WARNING * * *
Your Fighting skill increases to level 7!
The orc warrior barely misses you.
You barely miss the orc warrior.
The orc warrior is heavily wounded.
The orc warrior hits you with a +0 glaive!
* * * LOW HITPOINT WARNING * * *
You completely miss the orc warrior. You headbutt the orc warrior!
The orc warrior is almost dead.
The orc warrior hits you but does no damage.
You feel much better.
The orc warrior hits you with a +0 glaive!
* * * LOW HITPOINT WARNING * * *
You barely miss the orc warrior.
The orc warrior is almost dead.
The orc warrior hits you with a +0 glaive!
* * * LOW HITPOINT WARNING * * *
You closely miss the orc warrior.
You headbutt the orc warrior, but do no damage.
The orc warrior is almost dead.
The orc warrior hits you with a +0 glaive!
You die...

#.##### #.....# #.###.#
#.# #.# ######### #.# #.#
........# #.# #.##
###.#######.###...
#o)...............
.#######@#.......#.###...
........)##........###...
........>.+.........##...
........###.........##.#.
......... +.........##.#.
......... #..............
......?..##........#.###.
#.......###........#.# .
#.......# #........#.#


You could see an orc warrior.

Vanquished Creatures
  Sigmund (D:2)
  3 ogres
  A centaur (D:6)
  A bullfrog (D:6)
  3 scorpions
  2 orc priests
  A hound (D:5)
  Terence (D:2)
  6 iguanas
  2 orc wizards
  6 adders
  An ufetubus (D:6)
  2 dart slugs
  17 orcs
  5 ball pythons
  7 bats
  6 endoplasms
  A giant cockroach (D:2)
  4 goblins
  5 hobgoblins
  4 jackals (D:3)
  2 quokkas
  2 frilled lizards
  3 kobolds
  4 rats
90 creatures vanquished.

Vanquished Creatures (others)
  2 plants (D:2)
2 creatures vanquished.

Grand Total: 92 creatures vanquished

Notes
Turn   | Place    | Note
-------+----------+-------------------------------------------
     0 | D:1      | apoch the Minotaur Fighter began the quest for the Orb.
     0 | D:1      | Reached XP level 1. HP: 19/19 MP: 0/0
    97 | D:1      | Reached skill level 3 in Axes
   198 | D:1      | Reached XP level 2. HP: 26/26 MP: 1/1
   413 | D:1      | Found Cemopu's Distillery.
   422 | D:1      | Found Foadiuro's Book Shoppe.
   497 | D:1      | Found Beakent's Magic Scroll Emporium.
   701 | D:2      | Noticed Terence
   709 | D:2      | Killed Terence
   710 | D:2      | Reached skill level 4 in Axes
   710 | D:2      | Reached XP level 3. HP: 31/31 MP: 2/2
   831 | D:2      | Reached skill level 5 in Axes
  1018 | D:2      | Noticed Sigmund
  1025 | D:2      | Killed Sigmund
  1026 | D:2      | Reached skill level 7 in Axes
  1026 | D:2      | Reached XP level 4. HP: 28/39 MP: 3/3
  1026 | D:2      | Reached XP level 5. HP: 32/45 MP: 4/4
  1883 | D:3      | Found a faded altar of an unknown god.
  2408 | D:4      | Reached XP level 6. HP: 51/51 MP: 5/5
  2412 | D:4      | Identified a scroll of acquirement
  2412 | D:4      | Acquired 1009 gold pieces
  2502 | D:1      | Bought a scroll of identify for 22 gold pieces
  2502 | D:1      | Bought a scroll of acquirement for 572 gold pieces
  2502 | D:1      | Bought a scroll of identify for 22 gold pieces
  2502 | D:1      | Acquired the +0 hat of the Nine Wonders {rC+ Regen+}
  2657 | D:4      | Reached skill level 8 in Axes
  3112 | D:4      | Found a staircase to the Ecumenical Temple.
  3123 | Temple   | Entered the Ecumenical Temple
  3243 | Temple   | Became a worshipper of Qazlal Stormbringer
  3304 | D:4      | Found a broken altar of Ashenzari.
  3310 | D:4      | Saw a vision of the Shoals and the Snake Pit.
  3310 | D:4      | Noticed a naga
  3310 | D:4      | Noticed a shock serpent
  3310 | D:4      | Noticed a naga
  3310 | D:4      | Noticed a water nymph
  3310 | D:4      | Noticed a salamander
  3310 | D:4      | Noticed a merfolk
  3310 | D:4      | Noticed a manticore
  3310 | D:4      | Noticed a manticore
  3310 | D:4      | Noticed a skyshark
  3310 | D:4      | Noticed a wind drake
  3310 | D:4      | Noticed a skyshark
  3310 | D:4      | Noticed a black mamba
  3467 | D:5      | Entered Level 5 of the Dungeon
  3786 | D:5      | Reached skill level 9 in Axes
  3807 | D:5      | Reached XP level 7. HP: 47/57 MP: 6/6
  4020 | D:5      | Reached skill level 10 in Axes
  4285 | D:6      | Reached skill level 5 in Fighting
  4411 | D:6      | Reached skill level 1 in Invocations
  4411 | D:6      | Reached XP level 8. HP: 36/70 MP: 7/7
  4525 | D:6      | Found a runed translucent gate.
  4526 | D:6      | Found a runed translucent gate.
  4574 | D:6      | HP: 2/73 [orc warrior/+0 glaive (11)]
  4578 | D:6      | Slain by an orc warrior

Illustrated notes

Levels and vault maps discovered:
D:1:      nzn_arrival_water_spiral, layout_rooms, serial_shops,
          nicolae_shop_real_fake_doors, shop, nicolae_shop_tiny_real_fake_doors
D:2:      cheibrodos_old_hovel, layout_basic, grunt_decor_mini_mirrors,
          uniq_terence, uniq_sigmund
D:3:      layout_rooms, nicolae_ecumenical_snake_handling
D:4:      layout_loops_ring, grunt_ashenzari_visionary
          [grunt_ashenzari_visionary_shoals, grunt_ashenzari_visionary_snake],
          temple_hall, ebering_dispersal_statue_hall
D:5:      layout_gridville
D:6:      layout_basic, ebering_ghost_rock_garden
Temple:   hellmonk_temple_forest_ring

Skill      XL: |  1  2  3  4  5  6  7  8 |
---------------+-------------------------+-----
Axes           | 3 4 7 9 10 | 10.0
Fighting       | 6 7 |  7.0
Invocations    | 1 2 |  2.1
Armour         | |  3.6
Shields        | |  3.6

Action                     |  1- 3 |  4- 6 |  7- 9 || total
---------------------------+-------+-------+-------++-------
  Melee: War axe           |    60 |    91 |    41 ||   192
         Headbutt          |     6 |    11 |     7 ||    24
  Throw: Stone             |    19 |    10 |       ||    29
         Boomerang         |       |    40 |    36 ||    76
    Use: Potion            |     1 |       |     1 ||     2
         Scroll            |       |    14 |       ||    14
 Armour: Scale mail        |    22 |    29 |     4 ||    55
  Dodge: Dodged            |    22 |    34 |    15 ||    71
  Block: Buckler           |    18 |    13 |     8 ||    39
